 Dungeon Crawl Stone Soup version 0.28.0-49-g6dfe1f597d (webtiles) character file.

Game seed: 3511440077704771728

143 Brotato the Covered (level 5, 0/33 HPs)
             Began as a Gargoyle Fighter on May 13, 2022.
             Slain by a bullfrog (4 damage)
             ... in a sewer.
             The game lasted 00:08:36 (2300 turns).

Brotato the Covered (Gargoyle Fighter)              Turns: 2300, Time: 00:08:36

Health: 0/33       AC: 11    Str: 20    XL:     5   Next: 25%
Magic:  5/5        EV:  9    Int:  8    God:
Gold:   76         SH:  4    Dex: 11    Spells: 4/4 levels left

rFire   . . .      SeeInvis .   a - +0 flail
rCold   . . .      Faith    .   c - +0 buckler
rNeg    + . .      Spirit   .   b - +0 scale mail
rPois   ∞          Reflect  .   (no helmet)
rElec   +          Harm     .   h - scarf {repulsion}
rCorr   .          Rampage  .   (no gloves)
Will    .....                   (no boots)
Stlth   ..........              (no amulet)
HPRegen 0.11/turn               (no ring)
MPRegen 0.09/turn               (no ring)

@: repel missiles
A: sickness immunity, AC +4, negative energy resistance 1, electricity
resistance, torment resistance 1, petrification resistance
a: no special abilities


You were in a sewer.
You visited 1 branch of the dungeon, and saw 3 of its levels.
You also visited: Sewer.

You collected 76 gold pieces.

Inventory:

Hand Weapons
 a - a +0 flail (weapon)
Armour
 b - a +0 scale mail (worn)
 c - a +0 buckler (worn)
 h - a scarf of repulsion (worn)
Scrolls
 e - a scroll of vulnerability {unknown}
 i - 2 scrolls of immolation {unknown}
 j - 3 scrolls of identify {unknown}
 l - a scroll of brand weapon {unknown}
 m - a scroll of fear {unknown}
Potions
 d - a potion of might
 f - a potion of attraction {unknown}
 g - a potion of curing
 k - 2 potions of brilliance {unknown}
 n - a potion of heal wounds {unknown}
 o - a potion of lignification {unknown}
 p - a potion of resistance {unknown}


   Skills:
 + Level 3.9 Fighting
 + Level 3.3 Maces & Flails
 + Level 4.1 Armour
 + Level 1.2 Dodging
 + Level 0.4 Stealth
 + Level 3.7 Shields


You had 4 spell levels left.
You didn't know any spells.
Your spell library was empty.

Dungeon Overview and Level Annotations

Branches:
Dungeon (3/15)              Sewer (1/1)

Altars:

Shops:
D:1 [


Innate Abilities, Weirdness & Mutations

You are immune to sickness and miasma.
Your stone body is resilient. (AC +4)
You are immune to poison.
You resist negative energy. (rN+)
You are resistant to electric shocks. (rElec)
You are resistant to unholy torment.
You are immune to petrification.


Message History

The ball python bites you. The ball python grabs you.
The ball python constricts you.
The bullfrog hits you but does no damage.
The ball python bites you. The bullfrog hits you.
You escape the ball python's grasp.
The bullfrog barely misses you. You block the adder's attack.
The bullfrog hits you but does no damage.
The adder bites you but does no damage.
The bullfrog hits you but does no damage.
The bullfrog hits you. The adder bites you but does no damage.
The ball python bites you. You block the ball python's attack.
The ball python bites you. The ball python barely misses you.
The bullfrog hits you. x2
You block the ball python's attack. The ball python grabs you.
The ball python constricts you.
You escape the ball python's grasp.
You block the bullfrog's attack. The bullfrog completely misses you.
The bullfrog hits you. The adder barely misses you.
You block the ball python's attack. The ball python barely misses you.
The bullfrog releases a deep croak.
You block the bullfrog's attack. x2; The adder bites you but does no damage.
The ball python closely misses you. The ball python grabs you.
The ball python constricts you. You block the ball python's attack.
You escape the ball python's grasp.
The adder closely misses you. You block the bullfrog's attack.
The bullfrog hits you but does no damage.
The ball python bites you but does no damage.
The ball python grabs you. The ball python constricts you.
The bullfrog barely misses you. The adder bites you but does no damage.
You escape the ball python's grasp.
The bullfrog hits you.
* * * LOW HITPOINT WARNING * * *
The bullfrog hits you but does no damage.
You block the ball python's attack. The ball python barely misses you.
The bullfrog barely misses you.
The ball python bites you but does no damage.
The ball python grabs you. The ball python constricts you.
The bullfrog hits you.
* * * LOW HITPOINT WARNING * * *
You escape the ball python's grasp.
The bullfrog hits you.
You die...

###################
###.#≈≈≈≈≈≈≈≈≈≈≈≈≈≈≈#
##...≈S≈≈≈≈≈≈..≈#≈≈≈S.
#....≈SF≈≈J≈≈≈≈≈≈≈≈≈≈≈
#....@FSl≈≈≈≈≈≈≈≈≈≈≈#≈
##....≈≈S≈≈≈≈≈≈≈≈≈≈≈≈≈.
#......≈≈≈≈≈≈≈≈≈≈≈≈≈≈≈.
#....##################
##...#### #....#..#
#....'..# #...#####
##..†##


You could see 2 bullfrogs, an adder, an endoplasm, 3 ball pythons and a frilled
lizard.

Vanquished Creatures
  4 adders (Sewer)
  6 river rats
  2 bats (D:1)
  6 endoplasms
  A hobgoblin (D:1)
  8 ball pythons
  11 frilled lizards
  2 goblins (D:1)
  4 kobolds (D:1)
  25 rats
69 creatures vanquished.

Notes
Turn   | Place    | Note
-------+----------+-------------------------------------------
     0 | D:1      | Brotato the Gargoyle Fighter began the quest for the Orb.
     0 | D:1      | Reached XP level 1. HP: 14/14 MP: 1/1
   200 | D:1      | Reached XP level 2. HP: 19/19 MP: 2/2
   359 | D:1      | Found Izaez's Antique Armour Shop.
  1211 | D:3      | Found a glowing drain.
  1235 | D:3      | Reached XP level 3. HP: 23/23 MP: 3/3
  1308 | Sewer    | Entered a sewer
  1633 | Sewer    | Reached XP level 4. HP: 23/29 MP: 4/4
  1804 | Sewer    | Reached skill level 1 in Dodging
  2019 | Sewer    | Reached skill level 4 in Armour
  2023 | Sewer    | Reached XP level 5. HP: 25/33 MP: 5/5
  2300 | Sewer    | Slain by a bullfrog

Illustrated notes

Levels and vault maps discovered:
D:1:      sevenhm_arrival_forest_fort_small_4, layout_loops_ring, serial_shops,
          nicolae_shop_statue_plus, minmay_lizard_pond
D:2:      layout_rooms, basic_ecumenical_altar, patterned_corridor
D:3:      layout_basic, gammafunk_temple_overflow_wave,
          cheibrodos_sewer_entry_sluice, serial_shops, nicolae_shop_crystal
Sewer:    sewer_minmay_w

Skill      XL: |  1  2  3  4 |
---------------+-------------+-----
Maces & Flails | 3 |  3.3
Dodging        | 1 |  1.2
Armour         | 4 |  4.1
Fighting       | |  3.9
Stealth        | |  0.4
Shields        | |  3.7

Action                   |  1- 3 |  4- 6 || total
-------------------------+-------+-------++-------
Melee: Flail             |   117 |   100 ||   217
  Use: Potion            |     1 |       ||     1
Armor: Scale mail        |    85 |   105 ||   190
Dodge: Dodged            |    85 |    85 ||   170
Block: Buckler           |    39 |    59 ||    98
